 Dungeon Crawl Stone Soup version 0.18-b1-10-g3f7de93 (webtiles) character file.

111 juanjsm the Stinger (level 4, -10/21 HPs)
             Began as a Spriggan Venom Mage on Apr 29, 2016.
             Killed by divine providence
             ... invoked by an orc priest
              (11 damage)
             ... on level 4 of the Dungeon.
             The game lasted 00:10:45 (1886 turns).

juanjsm the Stinger (Spriggan Venom Mage)           Turns: 1886, Time: 00:10:46

Health: -10/21     AC:  7    Str:  4    XL:     4   Next: 62%
Magic:  3/10       EV: 19    Int: 17    God:
Gold:   171        SH:  0    Dex: 16    Spells: 3 memorised, 4 levels left

rFire  . . .     SeeInvis +     p - +2 dagger (protect)
rCold  . . .     Gourm    .     a - +0 robe
rNeg   + . .     Faith    .     (shield restricted)
rPois  .         Spirit   .     (helmet restricted)
rElec  .         Dismiss  .     (no cloak)
rCorr  .         Reflect  .     (gloves unavailable)
SustAt .         Harm     .     (boots unavailable)
MR     .....                    (no amulet)
Stlth  +++.......               (no ring)
                                l - ring of positive energy

@: very quick, not resistant to hostile enchantments, fairly stealthy
A: unfitting armour, see invisible, herbivore 3, speed 3, slow metabolism 2
a: no special abilities


You were on level 4 of the Dungeon.
You were not hungry.

You visited 1 branch of the dungeon, and saw 6 of its levels.

You collected 171 gold pieces.

Inventory:

Hand Weapons
 e - a +0 dagger
 p - a +2 dagger of protection (weapon)
Armour
 a - a +0 robe (worn)
 t - a +0 buckler
Jewellery
 l - a ring of positive energy (left hand)
Scrolls
 d - 2 scrolls of remove curse {unknown}
 h - 4 scrolls of teleportation {unknown}
 i - a scroll of immolation {unknown}
 k - a scroll of identify {unknown}
 m - a scroll of random uselessness {unknown}
 n - a scroll of magic mapping {unknown}
 o - 2 scrolls of fear {unknown}
Potions
 f - a potion of curing {unknown}
 g - 2 potions of invisibility {unknown}
 j - 2 potions of heal wounds {unknown}
 q - 2 potions of degeneration {unknown}
 s - a potion of haste {unknown}
Books
 b - a Young Poisoner's Handbook

   Spells                             Type                      Level
   a - Sting                          Conjuration/Poison           1
   b - Cure Poison                    Poison                       2
   c - Mephitic Cloud                 Conjuration/Poison/Air       3
   d - Olgreb's Toxic Radiance        Poison                       4
   e - Venom Bolt                     Conjuration/Poison           5
Comestibles
 c - 2 bread rations
 r - a slice of pizza


   Skills:
 + Level 0.2 Fighting
 * Level 4.0 Dodging
 * Level 3.9 Stealth
 * Level 0.1 Shields
 * Level 3.5 Spellcasting
 * Level 0.5 Conjurations
 + Level 4.8 Poison Magic


You had 4 spell levels left.
You knew the following spells:

 Your Spells              Type           Power        Failure   Level  Hunger
a - Sting                 Conj/Pois      ##..         6%          1    None
b - Cure Poison           Pois           ###.......   3%          2    ##.....
c - Mephitic Cloud        Conj/Pois/Air  #.......     24%         3    ###....


Dungeon Overview and Level Annotations

Branches:
Dungeon (6/15)
 Temple: D:4-7

Altars:
Pakellas

Annotations:
D:3 graki42's ghost, amateur DEFE
D:5 Shenda's ghost, novice DsFi


Innate Abilities, Weirdness & Mutations

You are tiny and cannot use many weapons and most armour.
You have supernaturally acute eyesight.
You are a herbivore.
You cover ground extremely quickly.
You need consume almost no food.


Message History

The orc seems less confused.
The orc priest closely misses you.
The orc wizard gestures wildly while chanting.
The orc wizard blinks!
You hit the orc priest but do no damage.
The orc priest is almost dead.
The orc priest mumbles some strange prayers to Beogh against you.
Beogh smites you!
Ouch! That really hurt!
* * * LOW HITPOINT WARNING * * *
The orc hits you with a morningstar.
* * * LOW HITPOINT WARNING * * *
The orc wizard casts a spell.
The orc wizard blinks!
The orc hits you with a morningstar.
* * * LOW HITPOINT WARNING * * *
Found 6 gold pieces.
The orc priest mumbles some strange prayers to Beogh against you.
Beogh smites you!
Ouch! That really hurt!
You die...

######.#####
#..........#
#$........o
#......... ...§...
....
#####o############.
#...†>oo...@.......
#...#.############.
#...#)# #......
#....... #......##
#......# .......#


You could see an orc priest and 2 orcs.

Vanquished Creatures
  A hound (D:3)
  4 adders
  An ooze (D:4)
  A worm (D:2)
  3 giant geckos
  An orc (D:5)
  7 bats
  4 goblins
  4 hobgoblins
  2 quokkas
  2 giant newts
  4 kobolds
  2 rats
36 creatures vanquished.

Notes
Turn   | Place    | Note
--------------------------------------------------------------
     0 | D:1      | juanjsm the Spriggan Venom Mage began the quest for the Orb.
     0 | D:1      | Reached XP level 1. HP: 9/9 MP: 5/5
   542 | D:1      | Reached XP level 2. HP: 13/13 MP: 2/6
   546 | D:1      | Learned a level 2 spell: Cure Poison
   721 | D:2      | Reached XP level 3. HP: 10/16 MP: 0/8
   726 | D:2      | Learned a level 3 spell: Mephitic Cloud
   751 | D:2      | Found an oddly glowing altar of Pakellas.
  1082 | D:3      | Noticed graki42's ghost (amateur DEFE)
  1466 | D:2      | Reached XP level 4. HP: 21/21 MP: 6/9
  1617 | D:5      | Entered Level 5 of the Dungeon
  1724 | D:3      | You fall through a shaft for 3 floors!
  1724 | D:6      | Noticed a giant frog
  1732 | D:6      | Noticed an ogre
  1741 | D:6      | Noticed a centaur
  1759 | D:5      | Noticed Shenda's ghost (novice DsFi)
  1783 | D:5      | Noticed a sky beast
  1804 | D:5      | Noticed an ogre
  1881 | D:4      | HP: 1/21 [orc/morningstar (1)]
  1886 | D:4      | Killed from afar by an orc priest

Skill      XL: |  1  2  3  4 |
---------------+-------------+-----
Spellcasting   | 3 |  3.5
Dodging        | 4 |  4.0
Fighting       | |  0.2
Stealth        | |  3.9
Shields        | |  0.1
Conjurations   | |  0.5
Poison Magic   | |  4.8

Action                   |  1- 3 |  4- 6 || total
-------------------------+-------+-------++-------
Melee: Dagger            |    30 |    16 ||    46
 Cast: Sting             |    47 |    16 ||    63
       Mephitic Cloud    |       |     3 ||     3
 Stab: Sleeping          |     7 |     2 ||     9
Armor: Robe              |     5 |     4 ||     9
Dodge: Dodged            |    42 |    20 ||    62
